Map: Magannatha LE

Players

Nicoract - Winner!

  • Race: Terran Terran
  • League: Grandmaster
  • Spawn Location: 11:00

LetaleX

  • Race: Protoss Protoss
  • League: Grandmaster
  • Spawn Location: 5:00

VOD

Have the link to the VOD?

Description

Time

  • Played on: Aug. 17, 2025, 5:22 a.m.
  • Length: 7:15
Show
View Real Time Build Order
Export as new Build Order

Nicoract Terran - Winner!

Build Orders: Cyclone Opening 

Get SALT Encoding   

  12  0:00  SCV  
  13  0:12  SCV  
  14  0:16  Supply Depot  
  14  0:24  SCV  
  15  0:38  SCV  
  15  0:39  Barracks  
  16  0:43  Refinery  
  16  0:50  SCV  
  16  0:52  Refinery  
  17  1:02  SCV  
  18  1:14  SCV  
  19  1:26  Reaper, Orbital Command, Supply Depot  
  20  1:40  Factory  
  20  1:52  SCV  
  21  1:59  Barracks Tech Lab  
  21  2:04  SCV  
  22  2:14  Command Center  
  22  2:17  SCV  
  23  2:29  SCV  
  24  2:35  Cyclone  
  27  2:37  Supply Depot  
  27  2:41  SCV  
  28  2:45  Starport  
  28  2:53  Barracks Reactor, SCV  
  29  3:05  SCV  
  30  3:17  SCV  
  30  3:18  Factory Tech Lab  
  31  3:27  Medivac  
  31  3:28  Barracks  
  31  3:29  SCV  
  31  3:30  Marine x2  
  31  3:31  Orbital Command  
  36  3:36  Widow Mine  
  38  3:41  SCV  
  38  3:42  Supply Depot  
  38  3:47  Marine  
  38  3:48  Marine  
  41  3:58  SCV x2  
  41  3:59  Siege Tank  
  46  4:04  Banshee  
  46  4:05  Marine x2  
  51  4:11  Supply Depot  
  51  4:12  SCV x2  
  51  4:15  Marine  
  54  4:23  Marine x2  
  56  4:24  SCV x2  
  56  4:31  Siege Tank  
  61  4:34  Supply Depot  
  61  4:35  Marine  
  61  4:36  SCV  
  61  4:37  SCV  
  64  4:41  Marine x2  
  66  4:47  Banshee  
  66  4:48  SCV  
  66  4:50  SCV  
  69  4:53  Marine  
  69  4:57  Supply Depot  
  69  4:59  Marine  
  71  5:01  SCV  
  71  5:02  SCV  
  71  5:04  Barracks  
  71  5:05  Marine  
  74  5:07  Siege Tank  
  74  5:13  SCV  
  78  5:18  Marine x2, SCV  
  81  5:23  Supply Depot  
  81  5:25  SCV  
  82  5:29  Banshee  
  82  5:31  SCV  
  86  5:37  SCV  
  86  5:38  Marine  
  86  5:40  Marine x2  
  90  5:43  SCV  
  91  5:55  Marine  
  91  5:56  SCV x2  
  89  5:58  Marine x2  
  87  6:05  Marine  
  87  6:07  Siege Tank  
  87  6:09  SCV  
  87  6:10  SCV  
  93  6:13  Marine  
  93  6:16  Marine x2  
  96  6:23  Marine  
  97  6:31  Marine  
  98  6:33  Marine  
  98  6:34  Marine, Engineering Bay, SCV x2, Supply Depot  
  102  6:41  Marine  
  102  6:43  Supply Depot  
  106  6:49  Marine, SCV x2, Refinery  
  106  6:50  Refinery  
  106  6:51  Marine  
  110  6:55  Marine, Supply Depot  
  114  7:03  Missile Turret  
Show
View Real Time Build Order
Export as new Build Order

LetaleX Protoss 

Build Orders: 1 Gate Expand, Phoenix Opening, Zealot Archon 

Get SALT Encoding   

  12  0:00  Probe  
  13  0:12  Probe  
  14  0:17  Pylon  
  14  0:24  Probe  
  15  0:32  Probe  
  15  0:39  Gateway  
  15  0:40  Probe  
  16  0:45  Assimilator  
  17  0:51  Probe  
  18  1:03  Probe  
  19  1:15  Probe  
  20  1:21  Nexus  
  20  1:31  Cybernetics Core  
  20  1:33  Probe  
  21  1:40  Assimilator  
  21  1:46  Probe  
  22  1:50  Pylon  
  22  1:56  Stalker  
  22  1:58  Probe  
  23  2:07  Warp Gate  
  25  2:10  Probe  
  25  2:12  Shield Battery  
  26  2:22  Probe  
  27  2:25  Phoenix, Sentry  
  27  2:29  Probe  
  29  2:34  Probe  
  31  2:37  Probe  
  31  2:39  Twilight Council  
  32  2:46  Probe  
  32  2:47  Probe  
  32  2:50  Stalker  
  36  2:58  Probe  
  36  2:59  Probe  
  36  3:03  Phoenix, Gateway  
  38  3:10  Probe  
  38  3:11  Probe  
  40  3:15  Gateway  
  40  3:17  Charge  
  40  3:22  Probe  
  40  3:23  Probe  
  42  3:27  Pylon  
  42  3:34  Probe  
  42  3:40  Probe  
  44  3:48  Probe  
  44  3:50  Nexus  
  44  3:54  Robotics Facility  
  44  3:55  Probe  
  46  3:58  Stalker  
  46  4:02  Stalker  
  50  4:05  Pylon  
  50  4:06  Probe  
  51  4:11  Shield Battery  
  51  4:12  Probe  
  52  4:18  Stalker  
  52  4:23  Probe  
  55  4:24  Shield Battery  
  55  4:30  Pylon, Probe  
  56  4:34  Zealot x2  
  56  4:36  Pylon  
  60  4:42  Pylon, Probe  
  61  4:50  Probe  
  60  4:54  Zealot x3  
  60  4:59  Observer  
  66  5:03  Probe  
  66  5:06  Probe  
  69  5:08  Probe  
  69  5:12  Gateway  
  69  5:13  Observer, Gateway  
  70  5:15  Phoenix, Probe  
  70  5:18  Probe  
  73  5:23  Probe  
  73  5:27  Probe  
  75  5:30  Observer  
  75  5:31  Probe  
  75  5:34  Zealot x3, Templar Archives  
  83  5:38  Probe  
  84  5:45  Gateway  
  84  5:48  Gateway  
  82  5:50  Probe  
  82  5:54  Zealot x2  
  82  5:55  Zealot  
  64  6:07  Gateway  
  64  6:08  Zealot x2  
  67  6:11  Gateway  
  67  6:17  Zealot  
  58  6:29  Observer  
  58  6:30  Zealot x2  
  62  6:37  Probe  
  63  6:40  High Templar x2  
  63  6:46  Archon  
  59  6:48  Pylon  
  59  6:50  Pylon  
  56  6:55  Pylon  
  56  6:57  Pylon  
Tags
 
Add a new tag
Caveats
  • Supply blocks, unpowered buildings, or Contaminate may cause inaccurate times.
  • Supply counts are checked every 10 seconds.